TAMPA BAY vs COLORADO

Created - February-11-21 at 15:00

Goals
1 2 3 T
TAMPA BAY 1 0 1 2
COLORADO 3 0 0 3
Shots
1 2 3 T
TAMPA BAY 14 5 6 25
COLORADO 9 9 11 29

1st period

1. COLORADO , Dylan Larkin 5 (David Pastrnak 14, Pavel Buchnevich 5) at 0:14
2. COLORADO , Jonas Brodin 5 (Pavel Buchnevich 6, David Pastrnak 15) at 2:44
3. COLORADO , David Pastrnak 8 (Dylan Larkin 16, Brandon Carlo 4) at 6:06
4. TAMPA BAY , Mathew Barzal 9 (Sebastian Aho 15, Josh Brown 4) at 7:58

Penalties :
Leo Komarov (COL) for Interference (Minor) at 18:06

2nd period

No Goal

Penalties :
Zach Werenski (TB ) for Holding (Minor) at 4:51

3rd period

5. TAMPA BAY , Elias Lindholm 7 (Vladislav Gavrikov 8, Mathew Barzal 15) at 9:31

Penalties :
Vladislav Gavrikov (TB ) for Roughing (Double Minor) at 4:42, Urho Vaakanainen (COL) for Slashing (Minor) at 15:21

Goalie Stats

Casey DeSmith (TB ), 26 saves from 29 shots - (0.897), L, 5-3-0, 59:01 minutes
Carey Price (COL), 23 saves from 25 shots - (0.920), W, 16-3-1, 60:00 minutes

Players Stats for TAMPA BAY

Player Name              G  A  P  +/- PIM S  H  SB GA TA FO     MP     PP MP  PK MP  
------------------------------------------------------------------------------------
Brandon Montour          0  0  0  -1  0   0  2  3  0  0  0/0    22:09   1:46   3:21 
Elias Lindholm           1  0  1   1  0   2  0  0  0  0  16/27  18:11   1:59   3:44 
Filip Chytil             0  0  0  -1  0   1  1  0  0  0  6/18   14:34   0:00   0:00 
Filip Forsberg           0  0  0  -1  0   3  2  0  0  0  1/1    19:42   1:59   3:09 
Jake Virtanen            0  0  0   0  0   0  3  0  0  0  0/0    17:56   1:59   0:00 
Jesper Bratt             0  0  0  -1  0   0  0  0  0  0  0/0     8:02   0:00   0:57 
John Klingberg           0  0  0  -2  0   1  2  0  0  0  0/0    22:31   2:12   2:37 
Josh Brown               0  1  1   2  0   2  1  1  0  0  0/0    17:35   0:00   2:15 
Lucas Wallmark           0  0  0  -1  0   0  0  0  0  0  4/11    9:18   0:00   2:13 
Mathew Barzal            1  1  2   1  0   4  1  0  0  0  1/1    14:27   1:59   0:00 
Rasmus Andersson         0  0  0  -1  0   1  1  0  0  0  0/0    19:35   1:46   0:47 
Robby Fabbri             0  0  0   0  0   0  1  0  0  0  0/1    16:03   0:06   0:00 
Sebastian Aho            0  1  1   0  0   6  1  2  0  0  0/1    23:19   1:53   1:53 
Sonny Milano             0  0  0   0  0   0  0  0  0  0  0/0     0:00   0:00   0:00 
Tyson Jost               0  0  0   0  0   1  0  0  0  0  5/16   15:57   0:00   0:00 
Viktor Arvidsson         0  0  0  -1  0   2  1  0  0  0  0/0    16:33   1:59   0:00 
Vladislav Gavrikov       0  1  1   2  4   1  0  1  0  0  0/0    16:28   0:00   1:09 
Zach Werenski            0  0  0  -2  2   1  3  0  0  0  0/0    21:40   2:12   1:47 

Players Stats for COLORADO

Player Name              G  A  P  +/- PIM S  H  SB GA TA FO     MP     PP MP  PK MP  
------------------------------------------------------------------------------------
Artturi Lehkonen         0  0  0  -2  0   4  2  0  0  0  1/4    20:40   2:21   0:27 
Brandon Carlo            0  1  1   1  0   1  4  1  0  0  0/0    22:35   1:52   1:47 
Calvin de Haan           0  0  0   0  0   0  3  3  0  0  0/0    19:19   0:00   2:11 
Dan Girardi              0  0  0   0  0   0  0  0  0  0  0/0     1:09   1:09   0:00 
David Krejci             0  0  0   0  0   2  1  0  0  0  7/12   18:22   3:33   2:15 
David Pastrnak           1  2  3   3  0   5  1  1  0  0  0/1    22:57   3:19   0:51 
Dylan Larkin             1  1  2   3  0   4  0  0  0  0  14/24  22:06   3:12   0:00 
John Moore               0  0  0   0  0   1  4  3  0  0  0/0    14:00   0:00   0:00 
Jonas Brodin             1  0  1   1  0   2  2  2  0  0  0/0    22:33   1:50   1:47 
Leo Komarov              0  0  0  -1  2   0  0  0  0  0  0/0     4:10   0:00   0:00 
Mattias Janmark          0  0  0   0  0   1  0  0  0  0  0/3    14:56   1:43   0:00 
Mikko Koivu              0  0  0  -1  0   2  2  0  0  0  1/1    18:27   2:05   1:50 
Nick Bjugstad            0  0  0  -1  0   0  0  0  0  0  3/7     4:11   0:00   0:00 
Pavel Buchnevich         0  2  2   3  0   3  2  0  0  0  1/2    21:27   2:35   0:00 
Ron Hainsey              0  0  0   0  0   1  0  1  0  0  0/0    22:18   2:59   2:11 
Urho Vaakanainen         0  0  0   0  2   0  0  0  0  0  0/0    14:32   0:33   0:00 
Warren Foegele           0  0  0   0  0   0  1  0  0  0  0/0    13:47   0:34   0:00 
William Karlsson         0  0  0  -1  0   3  1  0  0  0  16/22  18:31   2:05   2:33 

3 Stars

1 - David Pastrnak (COL)
2 - Dylan Larkin (COL)
3 - Pavel Buchnevich (COL)

Power Play

TAMPA BAY - 0 on 2 Attempt(s) - 0.00%
COLORADO - 0 on 3 Attempt(s) - 0.00%

Penalty Kill

TAMPA BAY - 3 on 3 Attempt(s) - 100.00% - Score 0 goal in Penalty Kill
COLORADO - 2 on 2 Attempt(s) - 100.00% - Score 0 goal in Penalty Kill

Team Stat

TAMPA BAY - Hits : 19 - Faceoff Wins : 33 - Blocked Shots : 7 - Penalty Minutes : 6
COLORADO - Hits : 23 - Faceoff Wins : 43 - Blocked Shots : 11 - Penalty Minutes : 4

Official

Referees : Wes McCauley and Chris Rooney
Linesman : Glen Cooke and Vaughan Rody

Game Notes

No Game Note

Finance

Level 1 -- Attendance: 5826 (97.10%) -- Ticket Income $535,992
Level 2 -- Attendance: 3416 (68.32%) -- Ticket Income $211,792
Level 3 -- Attendance: 2000 (100.00%) -- Ticket Income $68,000
Level 4 -- Attendance: 2800 (70.00%) -- Ticket Income $61,600
Luxury Box -- Attendance: 970 (97.00%) -- Ticket Income $174,600
Game was played at the Pepsi Center.
Total Attendance: 15012 (83.40%)
Total Ticket Income: $1,051,984
Total Income: $1,051,984

TAMPA BAY

5 vs 5 Forward 
   Center                   Left Wing                Right Wing               Time % Phy DF OF 
 1 Elias Lindholm           Sebastian Aho            Mathew Barzal            29     1   2  2  
 2 Filip Chytil             Filip Forsberg           Viktor Arvidsson         28     1   2  2  
 3 Tyson Jost               Jake Virtanen            Robby Fabbri             25     1   2  2  
 4 Lucas Wallmark           Jesper Bratt             Sebastian Aho            18     1   2  2  

5 vs 5 Defense 
   Defense                  Defense                                           Time % Phy DF OF 
 1 Zach Werenski            John Klingberg                                    34     1   2  2  
 2 Brandon Montour          Rasmus Andersson                                  34     1   2  2  
 3 Vladislav Gavrikov       Josh Brown                                        32     1   2  2  
 4 Josh Brown               Rasmus Andersson                                  0      1   2  2  

PowerPlay Forward 
   Center                   Left Wing                Right Wing               Time % Phy DF OF 
 1 Elias Lindholm           Sebastian Aho            Jake Virtanen            60     1   2  2  
 2 Mathew Barzal            Filip Forsberg           Viktor Arvidsson         40     1   2  2  

PowerPlay Defense
   Defense                  Defense                                           Time % Phy DF OF 
 1 Zach Werenski            John Klingberg                                    60     1   2  2  
 2 Brandon Montour          Rasmus Andersson                                  40     1   2  2  

Penalty Kill 4 Players Forward 
   Center                   Wing                     Time % Phy DF OF 
 1 Elias Lindholm           Filip Forsberg           60     1   2  2  
 2 Lucas Wallmark           Sebastian Aho            40     1   2  2  

Penalty Kill 4 Players Defense
   Defense                  Defense                  Time % Phy DF OF 
 1 Zach Werenski            John Klingberg           60     1   2  2  
 2 Brandon Montour          Vladislav Gavrikov       40     1   2  2  

Penalty Kill - 3 Players Forward 
   Forward                                           Time % Phy DF OF 
 1 Lucas Wallmark                                    60     1   2  2  
 2 Elias Lindholm                                    40     1   2  2  

Penalty Kill - 3 Players Defense
   Defense                  Defense                  Time % Phy DF OF 
 1 Zach Werenski            John Klingberg           60     1   2  2  
 2 Brandon Montour          Rasmus Andersson         40     1   2  2  

4 vs 4 Forward 
   Center                   Wing                     Time % Phy DF OF 
 1 Sebastian Aho            Elias Lindholm           60     1   2  2  
 2 Mathew Barzal            Filip Forsberg           40     1   2  2  

4 vs 4 Defense
   Defense                  Defense                  Time % Phy DF OF 
 1 Zach Werenski            John Klingberg           60     1   2  2  
 2 Brandon Montour          Rasmus Andersson         40     1   2  2  

Last Minutes Offensive
   Center                   Left Wing                Right Wing               Defense                  Defense                  
   Elias Lindholm           Sebastian Aho            Mathew Barzal            Zach Werenski            John Klingberg           

Last Minutes Defensive
   Center                   Left Wing                Right Wing               Defense                  Defense                  
   Elias Lindholm           Sebastian Aho            Mathew Barzal            Zach Werenski            John Klingberg           

Goaltenders
Starting : Casey DeSmith            
Backup : Pavel Francouz           

Extra Forwards
Normal : Jake Virtanen, Robby Fabbri, Jesper Bratt - PP : Robby Fabbri, Filip Chytil - PK : Jesper Bratt
Extra Defensemen
Normal : Vladislav Gavrikov, Josh Brown, Rasmus Andersson - PP : Vladislav Gavrikov - PK : Josh Brown, Rasmus Andersson
Penalty Shots
Sebastian Aho, Elias Lindholm, Mathew Barzal, Filip Forsberg, Viktor Arvidsson

Scratches
Anthony Bitetto (Healthy), TB Cap Hit (Healthy)

COLORADO

5 vs 5 Forward 
   Center                   Left Wing                Right Wing               Time % Phy DF OF 
 1 Dylan Larkin             David Pastrnak           Pavel Buchnevich         35     1   2  2  
 2 William Karlsson         Artturi Lehkonen         Mikko Koivu              30     1   2  2  
 3 David Krejci             Warren Foegele           Mattias Janmark          25     1   2  2  
 4 Nick Bjugstad            Leo Komarov              Artturi Lehkonen         10     1   2  2  

5 vs 5 Defense 
   Defense                  Defense                                           Time % Phy DF OF 
 1 Brandon Carlo            Jonas Brodin                                      35     1   2  2  
 2 Calvin de Haan           Ron Hainsey                                       30     1   2  2  
 3 Urho Vaakanainen         John Moore                                        25     1   2  2  
 4 Brandon Carlo            Jonas Brodin                                      10     1   2  2  

PowerPlay Forward 
   Center                   Left Wing                Right Wing               Time % Phy DF OF 
 1 Dylan Larkin             David Pastrnak           Pavel Buchnevich         60     1   2  2  
 2 William Karlsson         Artturi Lehkonen         Mikko Koivu              40     1   2  2  

PowerPlay Defense
   Defense                  Defense                                           Time % Phy DF OF 
 1 Brandon Carlo            Ron Hainsey                                       60     1   2  2  
 2 Jonas Brodin             David Krejci                                      40     1   2  2  

Penalty Kill 4 Players Forward 
   Center                   Wing                     Time % Phy DF OF 
 1 William Karlsson         David Krejci             60     1   2  2  
 2 Mikko Koivu              Artturi Lehkonen         40     1   2  2  

Penalty Kill 4 Players Defense
   Defense                  Defense                  Time % Phy DF OF 
 1 Calvin de Haan           Ron Hainsey              60     1   2  2  
 2 Jonas Brodin             Brandon Carlo            40     1   2  2  

Penalty Kill - 3 Players Forward 
   Forward                                           Time % Phy DF OF 
 1 William Karlsson                                  60     1   2  2  
 2 Dylan Larkin                                      40     1   2  2  

Penalty Kill - 3 Players Defense
   Defense                  Defense                  Time % Phy DF OF 
 1 Calvin de Haan           Ron Hainsey              60     1   2  2  
 2 Jonas Brodin             Brandon Carlo            40     1   2  2  

4 vs 4 Forward 
   Center                   Wing                     Time % Phy DF OF 
 1 David Pastrnak           Dylan Larkin             60     1   2  2  
 2 William Karlsson         David Krejci             40     1   2  2  

4 vs 4 Defense
   Defense                  Defense                  Time % Phy DF OF 
 1 Jonas Brodin             Brandon Carlo            60     1   2  2  
 2 Calvin de Haan           Ron Hainsey              40     1   2  2  

Last Minutes Offensive
   Center                   Left Wing                Right Wing               Defense                  Defense                  
   Dylan Larkin             David Pastrnak           Pavel Buchnevich         Brandon Carlo            Ron Hainsey              

Last Minutes Defensive
   Center                   Left Wing                Right Wing               Defense                  Defense                  
   Dylan Larkin             David Pastrnak           Pavel Buchnevich         Brandon Carlo            Ron Hainsey              

Goaltenders
Starting : Carey Price              
Backup : Linus Ullmark            

Extra Forwards
Normal : Dylan Larkin, David Pastrnak, David Krejci - PP : Dylan Larkin, David Pastrnak - PK : Mikko Koivu
Extra Defensemen
Normal : Brandon Carlo, Jonas Brodin, Calvin de Haan - PP : Brandon Carlo - PK : Calvin de Haan, John Moore
Penalty Shots
David Pastrnak, Dylan Larkin, William Karlsson, David Krejci, Pavel Buchnevich

Scratches
COL Cap Hit (Suspend)

% Time on Ice - TAMPA BAY

Lines # - Real PCT - Wanted PCT - Time Play
Normal Forward
1 - 24% - 29% - 11:40
2 - 30% - 28% - 14:34
3 - 32% - 25% - 15:57
4 - 14% - 18% - 7:05
Normal Defense
1 - 34% - 34% - 16:54
2 - 35% - 34% - 17:02
3 - 31% - 32% - 15:20
4 - 0% - 0% - 0:00
PP Forward
1 - 50% - 60% - 1:59
2 - 50% - 40% - 1:59
PP Defense
1 - 55% - 60% - 2:12
2 - 45% - 40% - 1:46
PK Forward
1 - 68% - 60% - 4:05
2 - 32% - 40% - 1:53
PK Defense
1 - 44% - 60% - 2:37
2 - 56% - 40% - 3:21
PK3 Forward
1 - 0% - 60%
2 - 0% - 40%
PK3 Defense
1 - 0% - 60%
2 - 0% - 40%
44 Forward
1 - 0% - 60%
2 - 0% - 40%
44 Defense
1 - 0% - 60%
2 - 0% - 40%
Last Minute Offensive  - 0:48
Last Minute Defensive  - 0:00
Total
Forward - 60:00
Defense - 60:00

% Time on Ice - COLORADO

Lines # - Real PCT - Wanted PCT - Time Play
Normal Forward
1 - 38% - 35% - 18:47
2 - 28% - 30% - 13:53
3 - 26% - 25% - 13:13
4 - 8% - 10% - 4:11
Normal Defense
1 - 31% - 35% - 15:22
2 - 34% - 30% - 17:08
3 - 28% - 25% - 14:00
4 - 7% - 10% - 3:34
PP Forward
1 - 65% - 60% - 3:53
2 - 35% - 40% - 2:05
PP Defense
1 - 41% - 60% - 2:25
2 - 59% - 40% - 3:33
PK Forward
1 - 89% - 60% - 3:31
2 - 11% - 40% - 0:27
PK Defense
1 - 55% - 60% - 2:11
2 - 45% - 40% - 1:47
PK3 Forward
1 - 0% - 60%
2 - 0% - 40%
PK3 Defense
1 - 0% - 60%
2 - 0% - 40%
44 Forward
1 - 0% - 60%
2 - 0% - 40%
44 Defense
1 - 0% - 60%
2 - 0% - 40%
Last Minute Offensive  - 0:00
Last Minute Defensive  - 0:00
Total
Forward - 60:00
Defense - 60:00

Play-by-Play

1st period


0:01 of 1st period - Dylan Larkin wins face-off versus Elias Lindholm in neutral zone.
0:14 of 1st period - Shot by David Pastrnak.
0:14 of 1st period - Deflect By Dylan Larkin.
0:14 of 1st period - Goal by Dylan Larkin - TAMPA BAY : 0 - COLORADO : 1.
0:15 of 1st period - Artturi Lehkonen wins face-off versus Filip Chytil in neutral zone.
1:56 of 1st period - Icing by David Krejci.
1:57 of 1st period - Elias Lindholm wins face-off versus David Krejci in COLORADO zone.
2:00 of 1st period - Shot by Sebastian Aho.
2:00 of 1st period - Stopped by Carey Price with a rebound.
2:02 of 1st period - Shot by John Klingberg.
2:02 of 1st period - Shot Blocked by John Moore.
2:09 of 1st period - Sebastian Aho is hit by John Moore and loses puck.
2:28 of 1st period - Shot by Elias Lindholm.
2:28 of 1st period - Stopped by Carey Price without a rebound.
2:29 of 1st period - Lucas Wallmark wins face-off versus Dylan Larkin in COLORADO zone.
2:44 of 1st period - Shot by Jonas Brodin.
2:44 of 1st period - Goal by Jonas Brodin - TAMPA BAY : 0 - COLORADO : 2.
2:45 of 1st period - Nick Bjugstad wins face-off versus Tyson Jost in neutral zone.
3:08 of 1st period - Icing by Vladislav Gavrikov.
3:09 of 1st period - Tyson Jost wins face-off versus Pavel Buchnevich in TAMPA BAY zone.
3:22 of 1st period - Shot by Tyson Jost.
3:22 of 1st period - Shot Misses the Net.
3:24 of 1st period - Shot by Jake Virtanen.
3:24 of 1st period - Shot Misses the Net.
4:00 of 1st period - Shot by Sebastian Aho.
4:00 of 1st period - Shot Misses the Net.
4:02 of 1st period - Shot by Sebastian Aho.
4:02 of 1st period - Shot Blocked by Brandon Carlo.
4:04 of 1st period - Shot by Jesper Bratt.
4:04 of 1st period - Shot Misses the Net.
4:52 of 1st period - Shot by Filip Forsberg.
4:52 of 1st period - Stopped by Carey Price without a rebound.
4:53 of 1st period - Elias Lindholm wins face-off versus David Krejci in COLORADO zone.
5:01 of 1st period - Shot by Mathew Barzal.
5:01 of 1st period - Shot Misses the Net.
5:58 of 1st period - Shot by Artturi Lehkonen.
5:58 of 1st period - Stopped by Casey DeSmith without a rebound.
5:59 of 1st period - Dylan Larkin wins face-off versus Filip Chytil in TAMPA BAY zone.
6:06 of 1st period - Shot by David Pastrnak.
6:06 of 1st period - Goal by David Pastrnak - TAMPA BAY : 0 - COLORADO : 3.
6:07 of 1st period - Filip Chytil wins face-off versus William Karlsson in neutral zone.
6:43 of 1st period - Viktor Arvidsson is hit by Brandon Carlo and loses puck.
7:28 of 1st period - Shot by Robby Fabbri.
7:28 of 1st period - Shot Misses the Net.
7:32 of 1st period - Shot by Robby Fabbri.
7:32 of 1st period - Shot Misses the Net.
7:46 of 1st period - Shot by Elias Lindholm.
7:46 of 1st period - Shot Misses the Net.
7:48 of 1st period - Shot by Josh Brown.
7:48 of 1st period - Stopped by Carey Price with a rebound.
7:55 of 1st period - Sebastian Aho is hit by Brandon Carlo and loses puck.
7:58 of 1st period - Shot by Mathew Barzal.
7:58 of 1st period - Goal by Mathew Barzal - TAMPA BAY : 1 - COLORADO : 3.
7:59 of 1st period - Dylan Larkin wins face-off versus Lucas Wallmark in neutral zone.
8:08 of 1st period - Shot by Dylan Larkin.
8:08 of 1st period - Stopped by Casey DeSmith with a rebound.
8:35 of 1st period - Icing by Calvin de Haan.
8:36 of 1st period - Filip Chytil wins face-off versus Dylan Larkin in COLORADO zone.
8:39 of 1st period - Shot by Viktor Arvidsson.
8:39 of 1st period - Shot Misses the Net.
8:49 of 1st period - Shot by David Pastrnak.
8:49 of 1st period - Stopped by Casey DeSmith without a rebound.
8:50 of 1st period - David Krejci wins face-off versus Tyson Jost in TAMPA BAY zone.
8:50 of 1st period - John Moore is hit by Brandon Montour and loses puck.
9:18 of 1st period - Tyson Jost is hit by John Moore and loses puck.
9:23 of 1st period - Shot by Tyson Jost.
9:23 of 1st period - Stopped by Carey Price without a rebound.
9:24 of 1st period - Elias Lindholm wins face-off versus Dylan Larkin in COLORADO zone.
9:46 of 1st period - Elias Lindholm is hit by Calvin de Haan and loses puck.
9:51 of 1st period - Shot by Elias Lindholm.
9:51 of 1st period - Shot Misses the Net.
10:22 of 1st period - Viktor Arvidsson is hit by Calvin de Haan and loses puck.
10:25 of 1st period - Shot by Zach Werenski.
10:25 of 1st period - Stopped by Carey Price without a rebound.
10:26 of 1st period - David Krejci wins face-off versus Tyson Jost in COLORADO zone.
10:37 of 1st period - Shot by Mattias Janmark.
10:37 of 1st period - Stopped by Casey DeSmith without a rebound.
10:38 of 1st period - Filip Chytil wins face-off versus Nick Bjugstad in TAMPA BAY zone.
10:49 of 1st period - Shot by Filip Forsberg.
10:49 of 1st period - Stopped by Carey Price without a rebound.
10:50 of 1st period - David Krejci wins face-off versus Tyson Jost in COLORADO zone.
10:50 of 1st period - David Krejci is hit by Jake Virtanen.
11:05 of 1st period - Rasmus Andersson is hit by Warren Foegele and loses puck.
12:19 of 1st period - Artturi Lehkonen is hit by Zach Werenski and loses puck.
12:39 of 1st period - Icing by Josh Brown.
12:40 of 1st period - Filip Forsberg wins face-off versus Dylan Larkin in TAMPA BAY zone.
12:40 of 1st period - Filip Forsberg is hit by Pavel Buchnevich.
12:54 of 1st period - Shot by Filip Forsberg.
12:54 of 1st period - Stopped by Carey Price without a rebound.
12:55 of 1st period - Dylan Larkin wins face-off versus Robby Fabbri in COLORADO zone.
12:55 of 1st period - Dylan Larkin is hit by Jake Virtanen.
13:07 of 1st period - Icing by Calvin de Haan.
13:08 of 1st period - Dylan Larkin wins face-off versus Filip Chytil in COLORADO zone.
13:17 of 1st period - Shot by David Pastrnak.
13:17 of 1st period - Stopped by Casey DeSmith with a rebound.
13:31 of 1st period - Shot by Dylan Larkin.
13:31 of 1st period - Shot Misses the Net.
13:33 of 1st period - Shot by Calvin de Haan.
13:33 of 1st period - Deflect By Dylan Larkin.
13:33 of 1st period - Shot Misses the Net.
13:37 of 1st period - Shot by David Pastrnak.
13:37 of 1st period - Shot Misses the Net.
14:06 of 1st period - Shot by Nick Bjugstad.
14:06 of 1st period - Deflect By Artturi Lehkonen.
14:06 of 1st period - Stopped by Casey DeSmith without a rebound.
14:07 of 1st period - David Krejci wins face-off versus Lucas Wallmark in TAMPA BAY zone.
14:16 of 1st period - Shot by David Krejci.
14:16 of 1st period - Shot Misses the Net.
14:28 of 1st period - Shot by Sebastian Aho.
14:28 of 1st period - Stopped by Carey Price with a rebound.
14:30 of 1st period - Shot by Sebastian Aho.
14:30 of 1st period - Shot Blocked by John Moore.
14:32 of 1st period - Shot by John Klingberg.
14:32 of 1st period - Deflect By Sebastian Aho.
14:32 of 1st period - Stopped by Carey Price with a rebound.
14:34 of 1st period - Shot by Zach Werenski.
14:34 of 1st period - Shot Misses the Net.
14:36 of 1st period - Shot by Zach Werenski.
14:36 of 1st period - Shot Misses the Net.
14:38 of 1st period - Shot by John Klingberg.
14:38 of 1st period - Deflect By Sebastian Aho.
14:38 of 1st period - Shot Misses the Net.
14:40 of 1st period - Shot by Sebastian Aho.
14:40 of 1st period - Shot Blocked by John Moore.
14:42 of 1st period - Shot by Zach Werenski.
14:42 of 1st period - Deflect By Sebastian Aho.
14:42 of 1st period - Shot Misses the Net.
15:05 of 1st period - Icing by Rasmus Andersson.
15:06 of 1st period - Dylan Larkin wins face-off versus Tyson Jost in TAMPA BAY zone.
15:12 of 1st period - Rasmus Andersson is hit by Brandon Carlo.
15:49 of 1st period - Shot by Filip Chytil.
15:49 of 1st period - Deflect By Viktor Arvidsson.
15:49 of 1st period - Stopped by Carey Price without a rebound.
15:50 of 1st period - Elias Lindholm wins face-off versus Artturi Lehkonen in COLORADO zone.
15:51 of 1st period - Shot by Sebastian Aho.
15:51 of 1st period - Deflect By Mathew Barzal.
15:51 of 1st period - Stopped by Carey Price without a rebound.
15:52 of 1st period - Elias Lindholm wins face-off versus William Karlsson in COLORADO zone.
16:36 of 1st period - Icing by Calvin de Haan.
16:37 of 1st period - William Karlsson wins face-off versus Filip Chytil in COLORADO zone.
16:53 of 1st period - David Pastrnak is hit by Filip Chytil.
17:11 of 1st period - Shot by Filip Chytil.
17:11 of 1st period - Stopped by Carey Price without a rebound.
17:12 of 1st period - Tyson Jost wins face-off versus David Krejci in COLORADO zone.
17:29 of 1st period - Shot by Mattias Janmark.
17:29 of 1st period - Shot Misses the Net.
17:39 of 1st period - Mattias Janmark is hit by Robby Fabbri and loses puck.
17:55 of 1st period - Off-side.
17:56 of 1st period - Nick Bjugstad wins face-off versus Elias Lindholm in neutral zone.
18:02 of 1st period - Leo Komarov is hit by John Klingberg and loses puck.
18:06 of 1st period - Minor Penalty to Leo Komarov for Interference.
18:07 of 1st period - Mathew Barzal wins face-off versus William Karlsson in COLORADO zone.
18:59 of 1st period - Icing by Sebastian Aho.
19:00 of 1st period - Elias Lindholm wins face-off versus William Karlsson in TAMPA BAY zone.
Goals for this period are 1 for TAMPA BAY vs 3 for COLORADO.
Shots for this period are 14 for TAMPA BAY vs 9 for COLORADO.

2nd period


0:01 of 2nd period - William Karlsson wins face-off versus Elias Lindholm in neutral zone.
0:30 of 2nd period - Shot by David Pastrnak.
0:30 of 2nd period - Shot Blocked by Vladislav Gavrikov.
0:32 of 2nd period - Shot by Brandon Carlo.
0:32 of 2nd period - Stopped by Casey DeSmith without a rebound.
0:33 of 2nd period - William Karlsson wins face-off versus Elias Lindholm in TAMPA BAY zone.
0:33 of 2nd period - William Karlsson is hit by Zach Werenski.
0:44 of 2nd period - Shot by Mikko Koivu.
0:44 of 2nd period - Stopped by Casey DeSmith without a rebound.
0:45 of 2nd period - David Krejci wins face-off versus Tyson Jost in TAMPA BAY zone.
0:56 of 2nd period - Shot by Mattias Janmark.
0:56 of 2nd period - Shot Misses the Net.
1:35 of 2nd period - Icing by John Klingberg.
1:36 of 2nd period - Elias Lindholm wins face-off versus Artturi Lehkonen in TAMPA BAY zone.
1:49 of 2nd period - Shot by William Karlsson.
1:49 of 2nd period - Shot Misses the Net.
1:51 of 2nd period - Shot by Brandon Carlo.
1:51 of 2nd period - Shot Misses the Net.
2:15 of 2nd period - Sebastian Aho is hit by Mikko Koivu and loses puck.
2:46 of 2nd period - Shot by Filip Chytil.
2:46 of 2nd period - Deflect By Viktor Arvidsson.
2:46 of 2nd period - Shot Misses the Net.
2:48 of 2nd period - Shot by Filip Chytil.
2:48 of 2nd period - Shot Misses the Net.
3:01 of 2nd period - Shot by Filip Forsberg.
3:01 of 2nd period - Shot Misses the Net.
3:03 of 2nd period - Shot by Filip Chytil.
3:03 of 2nd period - Shot Blocked by David Pastrnak.
3:07 of 2nd period - Shot by Vladislav Gavrikov.
3:07 of 2nd period - Deflect By Viktor Arvidsson.
3:07 of 2nd period - Stopped by Carey Price with a rebound.
4:22 of 2nd period - Icing by Zach Werenski.
4:23 of 2nd period - William Karlsson wins face-off versus Lucas Wallmark in TAMPA BAY zone.
4:30 of 2nd period - Shot by Artturi Lehkonen.
4:30 of 2nd period - Shot Blocked by Sebastian Aho.
4:37 of 2nd period - Artturi Lehkonen is hit by Zach Werenski and loses puck.
4:51 of 2nd period - Minor Penalty to Zach Werenski for Holding.
4:52 of 2nd period - William Karlsson wins face-off versus Elias Lindholm in TAMPA BAY zone.
4:59 of 2nd period - Shot by William Karlsson.
4:59 of 2nd period - Stopped by Casey DeSmith without a rebound.
5:00 of 2nd period - Elias Lindholm wins face-off versus Dylan Larkin in TAMPA BAY zone.
5:20 of 2nd period - Brandon Montour is hit by David Pastrnak.
5:31 of 2nd period - Off-side.
5:32 of 2nd period - William Karlsson wins face-off versus Elias Lindholm in neutral zone.
5:37 of 2nd period - Shot by Jonas Brodin.
5:37 of 2nd period - Shot Misses the Net.
5:39 of 2nd period - Shot by William Karlsson.
5:39 of 2nd period - Stopped by Casey DeSmith without a rebound.
5:40 of 2nd period - Elias Lindholm wins face-off versus Artturi Lehkonen in TAMPA BAY zone.
6:57 of 2nd period - Icing by Brandon Montour.
6:58 of 2nd period - Nick Bjugstad wins face-off versus Tyson Jost in TAMPA BAY zone.
7:11 of 2nd period - Shot by Leo Komarov.
7:11 of 2nd period - Deflect By Nick Bjugstad.
7:11 of 2nd period - Shot Misses the Net.
7:32 of 2nd period - Off-side.
7:33 of 2nd period - Filip Chytil wins face-off versus Dylan Larkin in neutral zone.
7:36 of 2nd period - Calvin de Haan is hit by Viktor Arvidsson.
7:37 of 2nd period - Icing by Calvin de Haan.
7:38 of 2nd period - Dylan Larkin wins face-off versus Sebastian Aho in COLORADO zone.
7:50 of 2nd period - Shot by David Pastrnak.
7:50 of 2nd period - Shot Misses the Net.
8:06 of 2nd period - Shot by David Pastrnak.
8:06 of 2nd period - Shot Misses the Net.
8:08 of 2nd period - Shot by Pavel Buchnevich.
8:08 of 2nd period - Stopped by Casey DeSmith without a rebound.
8:09 of 2nd period - David Krejci wins face-off versus Filip Chytil in TAMPA BAY zone.
8:10 of 2nd period - Shot by Warren Foegele.
8:10 of 2nd period - Shot Misses the Net.
8:25 of 2nd period - Filip Chytil is hit by Brandon Carlo.
9:40 of 2nd period - Shot by Elias Lindholm.
9:40 of 2nd period - Shot Blocked by Ron Hainsey.
9:51 of 2nd period - Icing by Calvin de Haan.
9:52 of 2nd period - Tyson Jost wins face-off versus Dylan Larkin in COLORADO zone.
10:01 of 2nd period - Icing by Brandon Montour.
10:02 of 2nd period - Tyson Jost wins face-off versus William Karlsson in TAMPA BAY zone.
10:02 of 2nd period - Robby Fabbri is hit by Artturi Lehkonen.
10:10 of 2nd period - Shot by Rasmus Andersson.
10:10 of 2nd period - Stopped by Carey Price without a rebound.
10:11 of 2nd period - William Karlsson wins face-off versus Elias Lindholm in COLORADO zone.
10:38 of 2nd period - Vladislav Gavrikov is hit by Artturi Lehkonen.
11:27 of 2nd period - Shot by Mattias Janmark.
11:27 of 2nd period - Deflect By David Krejci.
11:27 of 2nd period - Shot Hit the Post.
11:41 of 2nd period - Shot by David Krejci.
11:41 of 2nd period - Shot Misses the Net.
12:15 of 2nd period - Shot by Dylan Larkin.
12:15 of 2nd period - Shot Misses the Net.
12:23 of 2nd period - Shot by David Pastrnak.
12:23 of 2nd period - Stopped by Casey DeSmith without a rebound.
12:24 of 2nd period - Lucas Wallmark wins face-off versus Nick Bjugstad in TAMPA BAY zone.
13:13 of 2nd period - Off-side.
13:14 of 2nd period - Dylan Larkin wins face-off versus Filip Chytil in neutral zone.
13:43 of 2nd period - Shot by Dylan Larkin.
13:43 of 2nd period - Stopped by Casey DeSmith without a rebound.
13:44 of 2nd period - Elias Lindholm wins face-off versus David Krejci in TAMPA BAY zone.
13:44 of 2nd period - Mathew Barzal is hit by David Krejci and loses puck.
14:14 of 2nd period - Shot by Mathew Barzal.
14:14 of 2nd period - Stopped by Carey Price without a rebound.
14:15 of 2nd period - Dylan Larkin wins face-off versus Filip Chytil in COLORADO zone.
14:37 of 2nd period - Shot by Pavel Buchnevich.
14:37 of 2nd period - Stopped by Casey DeSmith without a rebound.
14:38 of 2nd period - William Karlsson wins face-off versus Tyson Jost in TAMPA BAY zone.
14:46 of 2nd period - Icing by Rasmus Andersson.
14:47 of 2nd period - William Karlsson wins face-off versus Tyson Jost in TAMPA BAY zone.
15:10 of 2nd period - Robby Fabbri is hit by Jonas Brodin and loses puck.
15:16 of 2nd period - Tyson Jost is hit by Jonas Brodin and loses puck.
16:24 of 2nd period - Icing by Calvin de Haan.
16:25 of 2nd period - Filip Chytil wins face-off versus David Pastrnak in COLORADO zone.
16:53 of 2nd period - Icing by Ron Hainsey.
16:54 of 2nd period - Dylan Larkin wins face-off versus Tyson Jost in COLORADO zone.
16:54 of 2nd period - Dylan Larkin is hit by Jake Virtanen.
17:10 of 2nd period - Shot by Jonas Brodin.
17:10 of 2nd period - Shot Misses the Net.
17:12 of 2nd period - Shot by Artturi Lehkonen.
17:12 of 2nd period - Stopped by Casey DeSmith without a rebound.
17:13 of 2nd period - Lucas Wallmark wins face-off versus William Karlsson in TAMPA BAY zone.
17:22 of 2nd period - Shot by Sebastian Aho.
17:22 of 2nd period - Stopped by Carey Price with a rebound.
17:24 of 2nd period - Shot by Josh Brown.
17:24 of 2nd period - Stopped by Carey Price without a rebound.
17:25 of 2nd period - David Krejci wins face-off versus Filip Chytil in COLORADO zone.
19:25 of 2nd period - Zach Werenski is hit by Calvin de Haan and loses puck.
19:52 of 2nd period - Shot by Pavel Buchnevich.
19:52 of 2nd period - Shot Misses the Net.
19:54 of 2nd period - Shot by David Pastrnak.
19:54 of 2nd period - Deflect By Pavel Buchnevich.
19:54 of 2nd period - Shot Misses the Net.
Goals for this period are 0 for TAMPA BAY vs 0 for COLORADO.
Shots for this period are 5 for TAMPA BAY vs 9 for COLORADO.

3rd period


0:01 of 3rd period - William Karlsson wins face-off versus Lucas Wallmark in neutral zone.
0:24 of 3rd period - Shot by William Karlsson.
0:24 of 3rd period - Stopped by Casey DeSmith with a rebound.
0:26 of 3rd period - Shot by Artturi Lehkonen.
0:26 of 3rd period - Shot Misses the Net.
0:28 of 3rd period - Shot by Artturi Lehkonen.
0:28 of 3rd period - Stopped by Casey DeSmith without a rebound.
0:29 of 3rd period - Filip Chytil wins face-off versus Dylan Larkin in TAMPA BAY zone.
0:29 of 3rd period - Filip Chytil is hit by Pavel Buchnevich.
0:40 of 3rd period - Brandon Montour is hit by John Moore and loses puck.
0:55 of 3rd period - Dylan Larkin is hit by Filip Forsberg and loses puck.
2:54 of 3rd period - Icing by Brandon Carlo.
2:55 of 3rd period - William Karlsson wins face-off versus Lucas Wallmark in COLORADO zone.
3:00 of 3rd period - Jonas Brodin is hit by Sebastian Aho and loses puck.
3:21 of 3rd period - Shot by Jesper Bratt.
3:21 of 3rd period - Deflect By Sebastian Aho.
3:21 of 3rd period - Shot Blocked by Jonas Brodin.
4:34 of 3rd period - Shot by Jake Virtanen.
4:34 of 3rd period - Deflect By Robby Fabbri.
4:34 of 3rd period - Shot Misses the Net.
4:41 of 3rd period - Calvin de Haan is hit by Josh Brown and loses puck.
4:42 of 3rd period - Double Minor Penalty to Vladislav Gavrikov for Roughing.
4:43 of 3rd period - Dylan Larkin wins face-off versus Elias Lindholm in TAMPA BAY zone.
5:31 of 3rd period - Shot by David Krejci.
5:31 of 3rd period - Shot Misses the Net.
5:37 of 3rd period - Shot by Dylan Larkin.
5:37 of 3rd period - Shot Blocked by Brandon Montour.
5:39 of 3rd period - Shot by Dylan Larkin.
5:39 of 3rd period - Shot Misses the Net.
5:41 of 3rd period - Shot by Ron Hainsey.
5:41 of 3rd period - Shot Blocked by Sebastian Aho.
5:56 of 3rd period - Icing by Mattias Janmark.
5:57 of 3rd period - Elias Lindholm wins face-off versus Mattias Janmark in COLORADO zone.
6:20 of 3rd period - Icing by David Pastrnak.
6:21 of 3rd period - Elias Lindholm wins face-off versus Mattias Janmark in COLORADO zone.
6:31 of 3rd period - Icing by David Krejci.
6:32 of 3rd period - Elias Lindholm wins face-off versus Mattias Janmark in COLORADO zone.
6:50 of 3rd period - Icing by Mattias Janmark.
6:51 of 3rd period - Pavel Buchnevich wins face-off versus Lucas Wallmark in COLORADO zone.
7:05 of 3rd period - Icing by William Karlsson.
7:06 of 3rd period - William Karlsson wins face-off versus Elias Lindholm in COLORADO zone.
7:15 of 3rd period - John Klingberg is hit by William Karlsson and loses puck.
7:29 of 3rd period - Shot by Mikko Koivu.
7:29 of 3rd period - Stopped by Casey DeSmith without a rebound.
7:30 of 3rd period - Lucas Wallmark wins face-off versus Dylan Larkin in TAMPA BAY zone.
7:47 of 3rd period - Shot by David Krejci.
7:47 of 3rd period - Shot Blocked by Josh Brown.
7:49 of 3rd period - Shot by David Pastrnak.
7:49 of 3rd period - Stopped by Casey DeSmith with a rebound.
7:51 of 3rd period - Shot by Jonas Brodin.
7:51 of 3rd period - Stopped by Casey DeSmith with a rebound.
7:53 of 3rd period - Shot by David Krejci.
7:53 of 3rd period - Stopped by Casey DeSmith with a rebound.
8:46 of 3rd period - Icing by John Klingberg.
8:47 of 3rd period - Mikko Koivu wins face-off versus Tyson Jost in TAMPA BAY zone.
8:56 of 3rd period - Mattias Janmark is hit by John Klingberg and loses puck.
9:25 of 3rd period - Off-side.
9:26 of 3rd period - Elias Lindholm wins face-off versus Nick Bjugstad in neutral zone.
9:31 of 3rd period - Shot by Elias Lindholm.
9:31 of 3rd period - Goal by Elias Lindholm - TAMPA BAY : 2 - COLORADO : 3.
9:32 of 3rd period - Elias Lindholm wins face-off versus Nick Bjugstad in neutral zone.
9:59 of 3rd period - Shot by Mathew Barzal.
9:59 of 3rd period - Stopped by Carey Price without a rebound.
10:00 of 3rd period - Dylan Larkin wins face-off versus Filip Chytil in COLORADO zone.
10:35 of 3rd period - Shot by David Pastrnak.
10:35 of 3rd period - Deflect By Dylan Larkin.
10:35 of 3rd period - Stopped by Casey DeSmith without a rebound.
10:36 of 3rd period - Elias Lindholm wins face-off versus David Krejci in TAMPA BAY zone.
10:55 of 3rd period - Shot by David Krejci.
10:55 of 3rd period - Stopped by Casey DeSmith with a rebound.
11:05 of 3rd period - Mattias Janmark is hit by Mathew Barzal and loses puck.
11:15 of 3rd period - Shot by Mattias Janmark.
11:15 of 3rd period - Shot Blocked by Brandon Montour.
11:56 of 3rd period - Icing by John Moore.
11:57 of 3rd period - William Karlsson wins face-off versus Filip Chytil in COLORADO zone.
12:02 of 3rd period - Shot by John Moore.
12:02 of 3rd period - Stopped by Casey DeSmith without a rebound.
12:03 of 3rd period - Dylan Larkin wins face-off versus Filip Chytil in TAMPA BAY zone.
12:19 of 3rd period - Shot by Dylan Larkin.
12:19 of 3rd period - Shot Misses the Net.
12:21 of 3rd period - Shot by Ron Hainsey.
12:21 of 3rd period - Stopped by Casey DeSmith with a rebound.
12:43 of 3rd period - Shot by David Pastrnak.
12:43 of 3rd period - Shot Misses the Net.
14:03 of 3rd period - Shot by Sebastian Aho.
14:03 of 3rd period - Shot Blocked by Jonas Brodin.
14:18 of 3rd period - Jonas Brodin is hit by Rasmus Andersson and loses puck.
14:22 of 3rd period - Icing by Rasmus Andersson.
14:23 of 3rd period - Dylan Larkin wins face-off versus Lucas Wallmark in TAMPA BAY zone.
14:26 of 3rd period - Shot by David Pastrnak.
14:26 of 3rd period - Shot Blocked by Brandon Montour.
14:42 of 3rd period - Dylan Larkin is hit by Brandon Montour and loses puck.
14:59 of 3rd period - Shot by Pavel Buchnevich.
14:59 of 3rd period - Stopped by Casey DeSmith without a rebound.
15:00 of 3rd period - William Karlsson wins face-off versus Filip Chytil in TAMPA BAY zone.
15:07 of 3rd period - Viktor Arvidsson is hit by John Moore and loses puck.
15:21 of 3rd period - Minor Penalty to Urho Vaakanainen for Slashing.
15:22 of 3rd period - William Karlsson wins face-off versus Elias Lindholm in COLORADO zone.
16:09 of 3rd period - Brandon Carlo is hit by Filip Forsberg and loses puck.
16:16 of 3rd period - Shot by Viktor Arvidsson.
16:16 of 3rd period - Deflect By Filip Forsberg.
16:16 of 3rd period - Shot Misses the Net.
16:18 of 3rd period - Shot by Filip Forsberg.
16:18 of 3rd period - Shot Misses the Net.
16:20 of 3rd period - Shot by Brandon Montour.
16:20 of 3rd period - Shot Misses the Net.
16:32 of 3rd period - Viktor Arvidsson is hit by Mikko Koivu and loses puck.
17:10 of 3rd period - Shot by Zach Werenski.
17:10 of 3rd period - Shot Blocked by Calvin de Haan.
17:12 of 3rd period - Shot by Elias Lindholm.
17:12 of 3rd period - Shot Misses the Net.
17:14 of 3rd period - Shot by John Klingberg.
17:14 of 3rd period - Stopped by Carey Price without a rebound.
17:15 of 3rd period - William Karlsson wins face-off versus Elias Lindholm in COLORADO zone.
17:50 of 3rd period - Shot by Sebastian Aho.
17:50 of 3rd period - Stopped by Carey Price with a rebound.
17:52 of 3rd period - Shot by Vladislav Gavrikov.
17:52 of 3rd period - Stopped by Carey Price without a rebound.
17:53 of 3rd period - Tyson Jost wins face-off versus Dylan Larkin in COLORADO zone.
18:19 of 3rd period - Shot by Tyson Jost.
18:19 of 3rd period - Shot Blocked by Calvin de Haan.
18:39 of 3rd period - Shot by Filip Forsberg.
18:39 of 3rd period - Shot Blocked by Calvin de Haan.
19:01 of 3rd period - TAMPA BAY, Casey DeSmith is pulled from the net.
19:53 of 3rd period - Shot by Elias Lindholm.
19:53 of 3rd period - Deflect By Sebastian Aho.
19:53 of 3rd period - Stopped by Carey Price with a rebound.
Goals for this period are 1 for TAMPA BAY vs 0 for COLORADO.
Shots for this period are 6 for TAMPA BAY vs 11 for COLORADO.